 Dungeon Crawl Stone Soup version 0.22-a0-284-g99d1f74 (webtiles) character file.

876 tollymain the Reanimator (level 7, -2/46 HPs)
             Began as a Mummy Necromancer on Mar 23, 2018.
             Slain by an orc
             ... wielding a +0 falchion
              (5 damage)
             ... on level 5 of the Dungeon.
             The game lasted 00:19:08 (6261 turns).

tollymain the Reanimator (Mummy Necromancer)        Turns: 6261, Time: 00:19:08

Health: -2/46      AC:  6    Str: 12    XL:     7   Next: 74%
Magic:  2/11       EV: 13    Int: 16    God:
Gold:   157        SH:  0    Dex: 12    Spells: 4/12 levels left

rFire    + . .     SeeInvis .   g - +3 short sword (speed)
rCold    + . .     Gourm    .   (no shield)
rNeg     + + +     Faith    .   a - +1 robe
rPois    ∞         Spirit   .   (no helmet)
rElec    .         Reflect  .   (no cloak)
rCorr    .         Harm     .   (no gloves)
MR       .....                  i - +2 pair of boots
Stlth    ++........             (no amulet)
HPRegen  0.15/turn              d - ring of protection from fire
MPRegen  0.12/turn              e - ring of protection from fire

@: no status effects
A: no food or potions, fire vulnerability, cold resistance 1, negative energy
resistance 3, torment resistance, unbreathing
a: no special abilities


You were on level 5 of the Dungeon.
You were not hungry.

You visited 1 branch of the dungeon, and saw 5 of its levels.

You collected 157 gold pieces.

Inventory:

Hand Weapons
 g - a +3 short sword of speed (weapon)
Armour
 a - a +1 robe (worn)
 i - a +2 pair of boots (worn)
Jewellery
 d - a ring of protection from fire (left hand)
 e - a ring of protection from fire (right hand)
Scrolls
 b - 3 scrolls of remove curse
 c - a scroll of identify
 f - a scroll of immolation


   Skills:
 - Level 3.0 Dodging
 - Level 3.0 Stealth
 - Level 3.0 Spellcasting
 + Level 8.6 Necromancy


You had 4 spell levels left.
You knew the following spells:

 Your Spells              Type           Power        Failure   Level  Hunger
a - Pain                  Necr           ####         1%          1    N/A
b - Vampiric Draining     Necr           ####......   1%          3    N/A
c - Animate Dead          Necr           N/A          5%          4    N/A

Dungeon Overview and Level Annotations

Branches:
Dungeon (5/15)
 Temple: D:4-7

Altars:
Ru
Zin

Shops:
D:4 ?=}%*

Annotations:
D:3 PriceMaster's ghost, amateur MiSk


Innate Abilities, Weirdness & Mutations

You do not eat or drink.
Your flesh is vulnerable to fire.
You are immune to poison.
Your flesh is cold resistant. (rC+)
You are immune to negative energy. (rN+++)
You are immune to unholy pain and torment.
You can survive without breathing.


Message History

The worker ant zombie barely misses you.
The orc hits you but does no damage.
You closely miss the orc.
The orc is heavily wounded.
The worker ant zombie bites you but does no damage.
The orc hits you but does no damage. The orc barely misses you.
Casting: Vampiric Draining (safe; 1% risk of failure)
Confirm with . or Enter, or press ? or * to list all spells.
Aiming: Vampiric Draining (safe; 1% risk of failure)
Press: ? - help, Shift-Dir - straight line, f - orc
Aim: an orc, wielding a club You kill the orc!
You feel life coursing into your body. The orc hits you with a falchion.
* * * LOW HITPOINT WARNING * * *
The worker ant zombie bites you.
* * * LOW HITPOINT WARNING * * *
You hit the orc.
You kill the orc!
The orc hits you with a falchion.
You die...

... ...# ..
#....
#########...#
#...
.##....<...#
..#...
##....########
#.....##.......
.......)).....(
#@Z....#
#..)o....#
##.......#
#..###### ...#
#..## #.. ...


You could see an orc and a worker ant zombie.

Vanquished Creatures
  The ghost of ProzacElf the Caller, an amateur BaSu of Okawaru (D:4)
  A bullfrog (D:4)
  A hound (D:4)
  6 orc priests
  9 orc wizards
  An iguana (D:4)
  2 worker ants (D:4)
  A hound skeleton (D:4)
  6 adders
  A gnoll (D:4)
  An ooze (D:3)
  An adder skeleton (D:4)
  3 worms
  3 leopard geckos
  30 orcs
  3 ball pythons
  9 bats
  2 giant cockroaches
  3 hobgoblins
  2 quokkas
  3 frilled lizards (D:1)
  5 goblins
  A jackal skeleton (D:4)
  7 kobolds
  10 rats
112 creatures vanquished.

Notes
Turn   | Place    | Note
-------+----------+-------------------------------------------
     0 | D:1      | tollymain the Mummy Necromancer began the quest for the Orb.
     0 | D:1      | Reached XP level 1. HP: 13/13 MP: 4/4
   379 | D:1      | Reached XP level 2. HP: 19/19 MP: 2/5
  1027 | D:2      | Reached XP level 3. HP: 24/24 MP: 2/7
  1429 | D:2      | You fall through a shaft for 2 floors!
  1430 | D:4      | Noticed a bullfrog
  1439 | D:4      | Killed a bullfrog
  1439 | D:4      | Reached XP level 4. HP: 24/30 MP: 0/8
  1519 | D:4      | Noticed ProzacElf's ghost (amateur BaSu)
  1678 | D:4      | Found Caemot's Gadget Shoppe.
  1678 | D:4      | Found Kennuepp's Jewellery Boutique.
  1835 | D:3      | Found a sacrificial altar of Ru.
  1907 | D:3      | Reached XP level 5. HP: 29/35 MP: 3/9
  2469 | D:2      | Reached skill level 5 in Necromancy
  3054 | D:3      | Learned a level 3 spell: Vampiric Draining
  3183 | D:3      | Reached XP level 6. HP: 41/41 MP: 7/10
  3241 | D:3      | Reached skill level 6 in Necromancy
  3293 | D:3      | Learned a level 4 spell: Animate Dead
  3609 | D:3      | Noticed PriceMaster's ghost (amateur MiSk)
  4242 | D:4      | Found Jiaxomp's Food Shoppe.
  4424 | D:4      | Found a glowing silver altar of Zin.
  4967 | D:4      | Reached skill level 7 in Necromancy
  4970 | D:4      | Reached XP level 7. HP: 39/46 MP: 1/11
  5067 | D:4      | Found Nietuq's Assorted Antiques.
  5458 | D:4      | Reached skill level 8 in Necromancy
  5609 | D:4      | Killed ProzacElf's ghost
  5817 | D:4      | Found Rison's Magic Scroll Shop.
  5888 | D:5      | Entered Level 5 of the Dungeon
  6261 | D:5      | Slain by an orc

Vault maps used:
D:1:      ncdulo_halloftheorcs
D:2:      first_ration
D:3:      nicolae_ru_sacrificial_ziggurat
D:4:      zin_scriptorium, serial_shops, shop_fountains,
          nicolae_shop_statue_plus, nicolae_shop_statue_plus, shop, shop
D:5:      temple_statues, uniq_prince_ribbit1, uniq_menkaure, uniq_eustachio,
          uniq_sigmund

Skill      XL: |  1  2  3  4  5  6  7 |
---------------+----------------------+-----
Spellcasting   | 3 |  3.0
Stealth        | 2 3 |  3.0
Dodging        | 2 3 |  3.0
Necromancy     | 5 7 8 |  8.6

Action                   |  1- 3 |  4- 6 |  7- 9 || total
-------------------------+-------+-------+-------++-------
Melee: Short sword       |     5 |    65 |    81 ||   151
 Cast: Pain              |    51 |   142 |    41 ||   234
       Vampiric Draining |       |     1 |     3 ||     4
  Use: Scroll            |       |       |     6 ||     6
 Stab: Sleeping          |       |     1 |       ||     1
Armor: Robe              |     6 |    12 |    23 ||    41
Dodge: Dodged            |    10 |    59 |    68 ||   137

Table legend:
 A = Spawn XP
 B = Non-spawn XP
 C = Spawn XP percentage of total XP
 D = Spawn monster count
 E = Non-spawn monster count
 F = Spawn count percentage of total count
 G = Total turns spent on level
                    A         B        C        D         E        F      G
               +---------+---------+-------+---------+---------+-------+---------
         Total |       0 |    1252 |   0.0 |       0 |     112 |   0.0 |  6261
               +---------+---------+-------+---------+---------+-------+---------
           D:1 |       0 |      20 |   0.0 |       0 |      14 |   0.0 |   862
           D:2 |       0 |      73 |   0.0 |       0 |      15 |   0.0 |  1053
           D:3 |       0 |     315 |   0.0 |       0 |      44 |   0.0 |  2085
           D:4 |       0 |     832 |   0.0 |       0 |      35 |   0.0 |  2239
           D:5 |       0 |      12 |   0.0 |       0 |       4 |   0.0 |    22
               +---------+---------+-------+---------+---------+-------+---------
